Map: Frozen Temple

Players

Carter

  • Race: Zerg Zerg
  • League: Diamond

OhrlRokK - Winner!

  • Race: Protoss Protoss
  • League: Diamond

VOD

Have the link to the VOD?

Description

Time

  • Played on: Oct. 8, 2016, 9:05 p.m.
  • Length: 7:32
Show
View Real Time Build Order
Export as new Build Order

Carter Zerg 

Build Orders: Pool First 

Get SALT Encoding   

  12  0:00  Drone  
  13  0:12  Overlord  
  13  0:17  Drone  
  14  0:30  Drone  
  14  0:31  Drone  
  14  0:35  Drone  
  17  1:08  Spawning Pool  
  16  1:15  Extractor  
  15  1:23  Drone x2  
  15  1:24  Extractor  
  16  1:30  Drone  
  18  1:41  Drone  
  18  1:46  Extractor  
  18  1:51  Overlord  
  18  1:55  Queen  
  18  1:56  Zergling x2  
  22  2:11  Zergling x2  
  23  2:17  Drone  
  24  2:31  Queen  
  24  2:35  Drone, Metabolic Boost  
  27  2:46  Drone  
  27  2:49  Drone  
  29  2:54  Hatchery  
  28  3:06  Drone x2  
  28  3:08  Pneumatized Carapace  
  30  3:13  Overlord  
  30  3:16  Roach Warren  
  30  3:18  Hatchery  
  28  3:22  Drone x2  
  30  3:29  Overlord  
  30  3:39  Drone  
  31  3:41  Drone x3  
  34  3:50  Drone  
  35  3:59  Overlord  
  35  4:04  Extractor  
  35  4:08  Roach  
  36  4:10  Queen  
  38  4:22  Drone x4  
  38  4:23  Drone  
  43  4:29  Queen  
  45  4:32  Queen  
  45  4:35  Drone x2  
  49  4:41  Roach  
  51  4:51  Drone x4  
  55  4:57  Zergling x10  
  60  5:10  Queen  
  62  5:16  Zergling x6  
  62  5:17  Zergling x2  
  65  5:21  Spine Crawler  
  65  5:22  Spine Crawler  
  65  5:24  Spine Crawler  
  65  5:26  Overlord  
  62  5:34  Overlord  
  62  5:36  Roach  
  62  5:37  Overlord  
  64  5:46  Drone x3  
  64  5:47  Drone x5  
  72  5:53  Zergling x2  
  72  5:54  Zergling x6  
  76  5:58  Roach x2  
  80  6:07  Overlord  
  80  6:13  Roach x4  
  88  6:27  Overlord  
  88  6:30  Overlord  
  88  6:34  Queen  
  81  6:42  Roach x6  
  79  6:49  Zergling x2  
  79  6:53  Zergling x2  
  79  6:54  Zergling x2  
  70  6:57  Zergling x4  
  64  7:04  Zergling x8  
  64  7:05  Zergling x6  
  64  7:11  Zergling x6  
Show
View Real Time Build Order
Export as new Build Order

OhrlRokK Protoss - Winner!

Build Orders: 1 Gate Expand 

Get SALT Encoding   

  12  0:01  Probe (Chrono Boost)  
  13  0:18  Pylon  
  13  0:19  Probe (Chrono Boost)  
  14  0:30  Probe (Chrono Boost)  
  15  0:36  Gateway  
  15  0:42  Probe (Chrono Boost)  
  16  0:53  Probe (Chrono Boost)  
  16  0:55  Pylon  
  17  1:15  Pylon  
  17  1:20  Assimilator  
  17  1:31  Nexus  
  17  1:41  Pylon  
  17  1:45  Cybernetics Core  
  17  1:50  Probe (Chrono Boost)  
  18  1:58  Zealot  
  18  2:07  Assimilator  
  18  2:08  Probe (Chrono Boost)  
  21  2:20  Pylon, Probe (Chrono Boost)  
  22  2:23  Adept  
  24  2:34  Warp Gate, Probe (Chrono Boost)  
  25  2:45  Probe (Chrono Boost)  
  25  2:46  Probe (Chrono Boost)  
  27  2:55  Probe (Chrono Boost)  
  29  2:58  Probe (Chrono Boost)  
  29  3:01  Robotics Facility  
  29  3:06  Probe (Chrono Boost)  
  29  3:12  Probe (Chrono Boost)  
  31  3:15  Stalker  
  31  3:16  Probe (Chrono Boost)  
  34  3:24  Probe (Chrono Boost)  
  35  3:27  Probe (Chrono Boost)  
  35  3:33  Pylon  
  36  3:36  Probe (Chrono Boost)  
  36  3:40  Probe (Chrono Boost)  
  39  3:50  Probe (Chrono Boost)  
  39  3:54  Twilight Council  
  39  3:55  Immortal  
  40  3:56  Probe (Chrono Boost)  
  40  4:02  Probe (Chrono Boost)  
  45  4:08  Probe (Chrono Boost)  
  46  4:14  Probe (Chrono Boost)  
  47  4:18  Charge  
  47  4:20  Probe (Chrono Boost)  
  48  4:26  Probe (Chrono Boost)  
  48  4:29  Gateway x2  
  50  4:32  Probe (Chrono Boost)  
  50  4:34  Gateway  
  50  4:40  Gateway  
  50  4:45  Gateway  
  50  4:51  Gateway  
  50  4:53  Immortal  
  54  5:03  Pylon  
  54  5:07  Pylon  
  54  5:22  Sentry  
  54  5:27  Warp Prism  
  56  5:32  Pylon  
  58  5:37  Sentry  
  58  5:38  Sentry  
  58  5:42  Zealot x2  
  64  5:43  Zealot  
  68  5:51  Pylon  
  68  5:52  Zealot, Pylon  
  68  5:55  Zealot  
  72  6:07  Pylon  
  72  6:22  Zealot x7  
  82  6:43  Warp Prism  
  82  6:44  Zealot  
  82  6:45  Zealot x6  
Tags
 
Add a new tag
Caveats
  • Supply blocks, unpowered buildings, or Contaminate may cause inaccurate times.
  • Supply counts are checked every 10 seconds.